 Dungeon Crawl Stone Soup version 0.30-a0-800-g7c544603b3 (webtiles) character file.

Game seed: 9923895667324074390

449 Demosthentine the Poker (level 6, -5/48 HPs)
             Began as a Demonspawn Gladiator on Feb 22, 2023.
             Slain by Dowan
             ... wielding a +3 vampiric dagger
              (6 damage)
             ... on level 4 of the Dungeon.
             The game lasted 00:03:50 (3375 turns).

Demosthentine the Poker (Demonspawn Gladiator)      Turns: 3375, Time: 00:03:51

Health: -5/48      AC:  5    Str: 14    XL:     6   Next: 74%
Magic:  15/15      EV: 13    Int: 10    God:
Gold:   33         SH:  0    Dex: 16    Spells: 5/5 levels left

rFire   . . .      SeeInvis .    a - +1 trident
rCold   . . .      Faith    .    (no shield)
rNeg    . . .      Spirit   .    b - +0 leather armour
rPois   +          Reflect  .    (helmet restricted)
rElec   .          Harm     .    m - scarf {+Inv}
rCorr   .          Rampage  .    n - +0 pair of gloves
Will    .....                    i - +0 pair of boots
Stlth   +                        (no amulet)
HPRegen 0.28/turn                j - ring of poison resistance
MPRegen 0.14/turn                h - ring of magical power

@: no status effects
A: antennae 1, weakness stinger 1, demonic touch 1
a: Evoke Invisibility


You were on level 4 of the Dungeon.
You visited 1 branch of the dungeon, and saw 4 of its levels.

You collected 163 gold pieces.
You spent 130 gold pieces at shops.

Inventory:

Hand Weapons
 a - a +1 trident (weapon)
Missiles
 d - 2 throwing nets (quivered)
 e - a javelin
Armour
 b - a +0 leather armour (worn)
 i - a +0 pair of boots (worn)
 m - a scarf of invisibility (worn)
 n - a +0 pair of gloves (worn)
Jewellery
 c - a +5 ring of evasion
 h - a ring of magical power (right hand)
 j - a ring of poison resistance (left hand)
Wands
 f - a wand of mindburst (10)
 l - a wand of flame (30)
Scrolls
 p - a scroll of fear
 u - 3 scrolls of enchant armour
Potions
 g - 3 potions of cancellation
 k - 4 potions of flight
 q - 2 potions of haste


   Skills:
 + Level 3.9 Fighting
 + Level 4.2 Polearms
 - Level 1.7 Throwing
 + Level 3.0 Armour
 + Level 4.1 Dodging


You had 5 spell levels left.
You didn't know any spells.
Your spell library contained the following spells:

 Spells                   Type           Power      Damage    Failure   Level
 Summon Guardian Golem    Hex/Summ       0%         N/A       80%         3
 Orb of Destruction       Conj           0%         9d5       100%        7
 Spellforged Servitor     Conj/Summ      0%         N/A       100%        7


Dungeon Overview and Level Annotations

Branches:
Dungeon (4/15)
 Temple: D:4-7

Altars:

Shops:
D:4 !

Annotations:
D:4 1 runed translucent door, Dowan; dolemite99's ghost, amateur DjCj


Innate Abilities, Weirdness & Mutations

You have a pair of small antennae on your head.
You have a small tail.
Your touch may inflict minor irresistible damage on your foes.


Message History

Dowan is severely wounded.
Dowan hits you with a +3 vampiric dagger.
* * * LOW HITPOINT WARNING * * *
Dowan draws strength from your wounds!
You feel better.
Dowan hits you with a +3 vampiric dagger!
* * * LOW HITPOINT WARNING * * *
Dowan draws strength from your wounds!
Dowan hits you with a +3 vampiric dagger.
* * * LOW HITPOINT WARNING * * *
You barely miss Dowan.
Your tail-slap misses Dowan.
Dowan is lightly wounded.
Dowan barely misses you.
You feel better. Dowan gestures at you while chanting.
The shard of ice hits you!
* * * LOW HITPOINT WARNING * * *
Dowan hits you with a +3 vampiric dagger.
* * * LOW HITPOINT WARNING * * *
Dowan draws strength from your wounds!
You barely miss Dowan.
Your tail-slap misses Dowan.
Dowan is lightly wounded.
Dowan mumbles some strange words.
Dowan blinks!
Reach: a) +1 trident
Press: ? - help, Dir - move target, f/p - Dowan
Aim: Dowan, wielding a +3 vampiric dagger and wearing a +0 robe of positive energy (lightly wounded, fast, about 47% to evade your +1 trident)
You reach to attack!
You barely miss Dowan.
Dowan is lightly wounded.
Dowan misses you.
Unknown command.
You hit Dowan.
You touch Dowan!
Dowan is severely wounded.
Dowan hits you with a +3 vampiric dagger.
* * * LOW HITPOINT WARNING * * *
Dowan draws strength from your wounds! Dowan misses you.
You barely miss Dowan. Your touch misses Dowan.
Dowan is heavily wounded.
Dowan hits you with a +3 vampiric dagger.
You die...

#####.# #.# ####.##.#######
......# #.# #.##.# .###### #.#
#.##.# ....# #.# #.##.#
###.###########.# #.##.####
#...............######.......#
..#.############...).#.#.#.#.##
.##.# #.####.)...[...# .##.#
#@# ##..[.)..## .##.###### #e#
#...).>...# .##......# #.#
##.......## .##.####.# #.#
#.....e...# .##.####.#
#.#####.......## .#.......#
#..............### ......##.#
#######.#.#.#.#... .......#.#
#......#.....#### #.....##.#
#.####...........


You could see Dowan (fast).

Vanquished Creatures
  Duvessa (D:4)
  A scorpion (D:4)
  A howler monkey (D:4)
  Terence (D:2)
  8 adders
  5 gnolls
  A worm (D:2)
  2 dart slugs
  7 orcs
  9 endoplasms
  3 giant cockroaches
  9 goblins
  7 hobgoblins
  9 jackals
  3 kobolds
  3 quokkas
  9 ball pythons
  6 bats
  2 frilled lizards
  8 rats
95 creatures vanquished.

Vanquished Creatures (others)
  2 withered plants (D:4)
2 creatures vanquished.

Grand Total: 97 creatures vanquished

Notes
Turn   | Place    | Note
-------+----------+-------------------------------------------
     0 | D:1      | Demosthentine the Demonspawn Gladiator began the quest for
                  | the Orb.
     0 | D:1      | Reached XP level 1. HP: 16/16 MP: 1/1
   102 | D:1      | Discovered your monstrous ancestry.
   102 | D:1      | Gained mutation: You have a small tail. [demonic ancestry]
   102 | D:1      | Reached XP level 2. HP: 17/22 MP: 2/2
   442 | D:1      | Reached skill level 1 in Armour
   542 | D:1      | Reached XP level 3. HP: 28/28 MP: 3/3
  1121 | D:2      | Gained mutation: Your touch may inflict minor irresistible
                  | damage on your foes. [demonic ancestry]
  1121 | D:2      | Reached XP level 4. HP: 33/34 MP: 4/4
  1500 | D:2      | Noticed Terence
  1509 | D:2      | Killed Terence
  1768 | D:2      | Reached XP level 5. HP: 28/41 MP: 5/5
  2350 | D:4      | Gained mutation: You have a pair of small antennae on your
                  | head. [demonic ancestry]
  2350 | D:4      | Reached XP level 6. HP: 43/47 MP: 6/6
  2521 | D:4      | Found Meis's Distillery.
  2532 | D:4      | Bought a potion of haste for 130 gold pieces
  2567 | D:4      | Found a runed translucent door.
  2568 | D:4      | Noticed dolemite99's ghost (amateur DjCj)
  3052 | D:4      | Noticed an angel
  3323 | D:4      | Noticed Dowan
  3323 | D:4      | Noticed Duvessa
  3344 | D:4      | Killed Duvessa
  3374 | D:4      | HP: 1/48 [Dowan/+3 vampiric dagger (5)]
  3375 | D:4      | Slain by Dowan

Illustrated notes

Levels and vault maps discovered:
D:1:      heliophobic_arrival_battle_scene, layout_basic
D:2:      layout_loops_ring, minmay_misc_feat_tiny, st_stairs_9, uniq_terence
D:3:      layout_rooms
D:4:      layout_loops_ring, zin_angel, serial_shops, nicolae_shop_statue_plus,
          gammafunk_ghost_grave, st_stairs_4, grunt_decor_clamped,
          patterned_corridor, uniq_duvessa

Skill      XL: |  1  2  3  4  5  6 |
---------------+-------------------+-----
Polearms       | 3 4 |  4.2
Armour         | 1 2 3 |  3.0
Dodging        | 3 4 |  4.1
Fighting       | 3 |  3.9
Throwing       | |  1.7

Action                     |  1- 3 |  4- 6 || total
---------------------------+-------+-------++-------
  Melee: Trident           |   130 |   181 ||   311
         Tailslap          |    12 |    10 ||    22
         Touch             |       |    19 ||    19
         Punch             |       |     2 ||     2
  Throw: Throwing net      |       |     1 ||     1
    Use: Scroll            |     5 |     8 ||    13
         Potion            |       |     2 ||     2
   Stab: Sleeping          |     2 |     4 ||     6
         Distracted        |       |     2 ||     2
         Held in net/web   |       |     1 ||     1
 Armour: Leather armour    |    52 |    57 ||   109
  Dodge: Dodged            |    88 |   132 ||   220

Table legend: (Time is in decaauts)
 A = Elapsed time spent in this place.
 B = Non-inter-level travel time spent in this place.
 C = Inter-level travel time spent in this place.
 D = Time resting spent in this place.
 E = Time spent auto-exploring this place.
 F = Levels seen in this place.
 G = Mean time per level.
                   A        B        C        D        E       F      G
               +--------+--------+--------+--------+--------+-----+--------+
         Total |   3417 |   3282 |    135 |      0 |   2565 |   4 |  854.2 |
       Dungeon |   3417 |   3282 |    135 |      0 |   2565 |   4 |  854.2 |
               +--------+--------+--------+--------+--------+-----+--------+

Top non-repeatable levels by time:
     D:4: 1156 daAuts
     D:1: 1065 daAuts
     D:2: 692 daAuts
     D:3: 502 daAuts
